 Dungeon Crawl Stone Soup version 0.32-a0-540-g866d13106e (webtiles) character file.

Game seed: 17529270299956877910

746 cforsyth the Grave Robber (level 7, -4/63 HPs)
             Began as a Mountain Dwarf Necromancer on Feb 29, 2024.
             Slain by a komodo dragon (11 damage)
             ... on level 7 of the Dungeon.
             The game lasted 00:06:50 (4520 turns).

cforsyth the Grave Robber (MDNe)                    Turns: 4520, Time: 00:06:51

Health: -4/63      AC:  9    Str: 13    XL:     7   Next: 48%
Magic:  18/18      EV:  6    Int: 15    God:
Gold:   223        SH:  0    Dex: 10    Spells: 8/9 levels left

rFire   . . .        a - +2 short sword (speed)
rCold   . . .        (no shield)
rNeg    . . .        p - +1 chain mail
rPois   .            (no helmet)
rElec   .            (no cloak)
rCorr   .            (no gloves)
SInv    .            (no boots)
Will    +....        g - amulet of regeneration Stlth
                     M - ring of magical power
HPRegen 1.10/turn    W - ring of willpower
MPRegen 0.16/turn

%: no passive effects
@: about to teleport
A: runic magic, artefact enchanting
a: no special abilities


You were on level 7 of the Dungeon.
You visited 1 branch of the dungeon, and saw 7 of its levels.

You collected 223 gold pieces.


Innate Abilities, Weirdness & Mutations

Your spellcasting is much less encumbered by armour.
You can use scrolls of enchantment on lesser artefacts.


   Skills:
 + Level 6.2 Fighting
 - Level 1.3 Dodging
 - Level 1.4 Stealth
 - Level 1.7 Spellcasting
 + Level 7.8 Necromancy


You had 8 spell levels left.
You knew the following spells:

 Your Spells              Type           Power      Damage    Failure   Level
X - Necrotise             Necr           96%        1d8       1%          1

Your spell library contained the following spells:

 Spells                   Type           Power      Damage    Failure   Level
 Vampiric Draining        Necr           24%        2d7       6%          3
 Animate Dead             Necr           24%        N/A       21%         4
 Curse of Agony           Necr           24%        N/A       50%         5

Inventory:

Hand Weapons
 a - a +2 short sword of speed (weapon)
Armour
 p - a +1 chain mail (worn)
Jewellery
 g - an amulet of regeneration (around neck)
 u - an amulet of the acrobat
 L - a ring of flight
 M - a ring of magical power (left hand)
 W - a ring of willpower (right hand)
Scrolls
 c - a scroll of enchant weapon {unknown}
 d - a scroll of torment {unknown}
 f - 3 scrolls of enchant armour
 i - 2 scrolls of amnesia
 j - a scroll of revelation {unknown}
 k - a scroll of poison {unknown}
 l - a scroll of fear {unknown}
 q - a scroll of immolation {unknown}
 s - a scroll of silence {unknown}
 t - a scroll of identify {@r1}
Potions
 b - 4 potions of magic
 m - a potion of enlightenment
 n - 3 potions of curing {@q1}
 o - a potion of brilliance {unknown}
 r - a potion of lignification {unknown}

Dungeon Overview and Level Annotations

Branches:
Dungeon (8/15)
 Temple: D:4-7         Lair: D:8-11

Altars:
Dithmenos
Elyvilon
Zin
The Shining One

#... ##..## ...
##..## #..##....##
#...#.##..#
#...#.###.#
#####..####..#
........##...#
........())..######
........##>).#..@.#
........##...#.##l#
........##...#.#..#
........###..#.#.##
........#
##.#.#....#
#########
#.#.###### #...#
#####


You could see a komodo dragon.


Message History

Aim: a komodo dragon (chance to affect: 31%)
The komodo dragon easily resists.
The komodo dragon hisses menacingly.
The komodo dragon bites you!
Aiming: Paralyse
Press: ? - help, Shift-Dir - straight line, f/p - komodo dragon
Aim: a komodo dragon (chance to affect: 31%)
The komodo dragon easily resists.
The komodo dragon bites you!!
* * * LOW HITPOINT WARNING * * *
Aiming: Paralyse
Press: ? - help, Shift-Dir - straight line, f/p - komodo dragon
Aim: a komodo dragon (chance to affect: 31%)
The komodo dragon easily resists.
The komodo dragon bites you but does no damage.
Aiming: Paralyse
Press: ? - help, Shift-Dir - straight line, f/p - komodo dragon
Aim: a komodo dragon (chance to affect: 31%)
The komodo dragon easily resists.
The now-empty wand crumbles to dust.
The komodo dragon bites you but does no damage.
Unknown command.
As you read the scroll of teleportation {@r2}, it crumbles to dust.
You feel strangely unstable. The komodo dragon bites you!
* * * LOW HITPOINT WARNING * * *
The komodo dragon attacks as it pursues you!
The komodo dragon bites you.
* * * LOW HITPOINT WARNING * * *
You see here a sky beast corpse.
The komodo dragon attacks as it pursues you!
The komodo dragon bites you!
You die...

Skill      XL: |  1  2  3  4  5  6  7 |
---------------+----------------------+-----
Fighting       | 1 2 3 4 5 6 |  6.2
Necromancy     | 5 6 7 |  7.8
Dodging        | |  1.3
Stealth        | |  1.4
Spellcasting   | |  1.7

Action                     |  1- 3 |  4- 6 |  7- 9 || total
---------------------------+-------+-------+-------++-------
  Melee: Unarmed           |     5 |       |       ||     5
         Short sword       |       |    45 |    30 ||    75
   Cast: Necrotise         |    70 |    98 |    18 ||   186
  Evoke: Wand              |       |     1 |     4 ||     5
    Use: Scroll            |       |     5 |     1 ||     6
   Stab: Paralysed         |       |    13 |       ||    13
 Armour: Robe              |    12 |       |       ||    12
         Chain mail        |     6 |    55 |    76 ||   137
  Dodge: Dodged            |    12 |    14 |    19 ||    45

Levels and vault maps discovered:
D:1:      dpeg_arrival_renting, layout_basic,
          ebering_ecumenical_altar_petrified, corner_web_ring
D:2:      layout_loops_ring
D:3:      layout_basic, overflow_temple_1_default
D:4:      layout_gridville, dreamdust_divine_triumvirate
D:5:      layout_loops_ring, hangedman_decor_growths,
          chequers_serial_rivers_room_a
D:7:      layout_rooms, nicolae_sif_muna_little_library,
          minmay_temple_entry_sparse_star, serial_curves, eino_curves_04,
          eino_curves_01, eino_curves_02, eino_curves_01, patterned_corridor
D:8:      layout_loops_cross, mainiacjoe_overflow_large_starburst

Notes
Turn   | Place    | Note
-------+----------+-------------------------------------------
     0 | D:1      | cforsyth the Mountain Dwarf Necromancer began the quest for
                  | the Orb.
     0 | D:1      | Reached XP level 1. HP: 14/14 MP: 3/3
   217 | D:1      | Reached skill level 1 in Fighting
   321 | D:1      | Reached XP level 2. HP: 12/23 MP: 1/4
   410 | D:1      | Found a faded altar of an unknown god.
  1432 | D:2      | Reached skill level 2 in Fighting
  1510 | D:2      | Reached skill level 5 in Necromancy
  1510 | D:2      | Reached XP level 3. HP: 29/29 MP: 5/5
  2191 | D:3      | Found a shadowy altar of Dithmenos.
  2209 | D:3      | Reached XP level 4. HP: 37/37 MP: 6/6
  2317 | D:3      | Reached skill level 3 in Fighting
  2629 | D:3      | Reached XP level 5. HP: 45/45 MP: 7/7
  2852 | D:3      | Reached skill level 6 in Necromancy
  3065 | D:3      | Reached skill level 4 in Fighting
  3724 | D:4      | Found a glowing golden altar of the Shining One.
  3724 | D:4      | Found a white marble altar of Elyvilon.
  3726 | D:4      | Found a glowing silver altar of Zin.
  4020 | D:4      | Reached XP level 6. HP: 53/53 MP: 8/8
  4055 | D:4      | Noticed a sky beast
  4090 | D:4      | Killed a sky beast
  4247 | D:5      | Entered Level 5 of the Dungeon
  4303 | D:5      | Noticed a wyvern
  4317 | D:5      | Killed a wyvern
  4318 | D:5      | Reached skill level 5 in Fighting
  4318 | D:5      | Reached skill level 7 in Necromancy
  4318 | D:5      | Reached XP level 7. HP: 61/61 MP: 9/9
  4328 | D:5      | You fall into a shaft and drop 3 floors!
  4337 | D:8      | Noticed a steam dragon
  4389 | D:7      | Reached skill level 6 in Fighting
  4512 | D:7      | Noticed a komodo dragon
  4519 | D:7      | HP: 6/63 [komodo dragon (5)]
  4520 | D:7      | Slain by a komodo dragon

Vanquished Creatures
  A wyvern (D:5)
  2 sky beasts
  A bullfrog (D:7)
  A kobold brigand (D:7)
  A bombardier beetle (D:4)
  2 orc priests (D:3)
  An orc wizard (D:3)
  8 adders
  A dart slug (D:1)
  2 ribbon worms
  4 orcs
  3 endoplasms
  4 giant cockroaches
  8 goblins
  6 hobgoblins
  16 kobolds
  3 quokkas
  10 ball pythons
  5 bats
  2 frilled lizards (D:3)
  4 rats (D:1)
85 creatures vanquished.

Vanquished Creatures (collateral kills)
  A quokka (D:2)
  3 kobolds (D:7)
4 creatures vanquished.

Grand Total: 89 creatures vanquished

Table legend: (Time is in decaauts)
 A = Elapsed time spent in this place.
 B = Non-inter-level travel time spent in this place.
 C = Inter-level travel time spent in this place.
 D = Time resting spent in this place.
 E = Time spent auto-exploring this place.
 F = Levels seen in this place.
 G = Mean time per level.
                   A        B        C        D        E       F      G
               +--------+--------+--------+--------+--------+-----+--------+
         Total |   4498 |   4360 |    138 |     61 |   3595 |   7 |  642.6 |
       Dungeon |   4498 |   4360 |    138 |     61 |   3595 |   7 |  642.6 |
               +--------+--------+--------+--------+--------+-----+--------+

Top non-repeatable levels by time:
     D:1: 1326 daAuts
     D:3: 1130 daAuts
     D:4: 998 daAuts
     D:2: 779 daAuts
     D:7: 165 daAuts
     D:5: 76 daAuts
     D:8: 21 daAuts

Table legend:
 A = Non-vault XP
 B = Vault XP
 C = Vault XP percentage of total XP
 D = Non-vault monster count
 E = Vault monster count
 F = Vault count percentage of total count
                 A         B        C        D         E       F
            +---------+---------+-------+---------+---------+-------
      Total |    1066 |       0 |   0.0 |      89 |       0 |   0.0
            +---------+---------+-------+---------+---------+-------
        D:1 |      27 |       0 |   0.0 |      16 |       0 |   0.0
        D:2 |      52 |       0 |   0.0 |      17 |       0 |   0.0
        D:3 |     210 |       0 |   0.0 |      27 |       0 |   0.0
        D:4 |     229 |       0 |   0.0 |      18 |       0 |   0.0
        D:5 |     227 |       0 |   0.0 |       1 |       0 |   0.0
        D:7 |     321 |       0 |   0.0 |      10 |       0 |   0.0
            +---------+---------+-------+---------+---------+-------
